AoeStats
← Josu Stark

African Clearing

510965019Analyzed
4v4 RM · 13h ago on Oct 3, 2026· 65m 53s· 8 players
Game mode
Random Map
Map size
Large (8 player)
Population
200
Speed
Normal
Resources
Standard
Victory
Conquest
Starting age
Dark Age
Ending age
Imperial Age
RankedLock teamsTeams togetherTeam positionsShared explorationLock speedFull tech treeHidden civsTurbo modeCheats
Victory
Defeat
🇨🇳 Berbers · China
1728
+15
🇨🇳 Khitans · China
1678
+17
🇨🇳 Persians · China
1678
+17
🇨🇳 Magyars · China
1678
+17
1844
-21
🇨🇳 Slavs · China
1738
-18
🇹🇼 Gurjaras · Taiwan
1635
-14
🇪🇸 Mongols · Spain
1608
-13
lemon tea
9:45 Loom
23:10 Feudal Age
25:14 Town Watch
32:00 Castle Age
31:07 Double-Bit Axe
35:17 Bow Saw
36:13 Horse Collar
37:16 Wheelbarrow
44:09 Fletching
46:22 Hand Cart
51:37 Heavy Plow
52:52 Gold Mining
55:42 Imperial Age
55:02 Bloodlines
54:53 Husbandry
56:04 Gold Shaft Mining
55:34 Stone Mining
55:40 Heavy Camel Rider
55:57 Cavalier
57:08 Scale Barding Armor
58:18 Conscription
57:20 Savar
58:37 Guilds
58:52 Chain Barding Armor
59:42 Forging
60:35 Plate Barding Armor
61:29 Iron Casting
63:53 Blast Furnace
63:51 Capped Ram
65:08 Light Cavalry
67:25 Two-Man Saw
小白
4:15 Loom
12:38 Feudal Age
12:45 Man-at-Arms
13:42 Double-Bit Axe
16:10 Fletching
22:52 Wheelbarrow
28:32 Castle Age
35:29 Scale Barding Armor
35:43 Bloodlines
36:16 Husbandry
36:28 Bow Saw
37:27 Bodkin Arrow
39:54 Padded Archer Armor
41:01 Ballistics
44:27 Horse Collar
47:07 Thumb Ring
48:51 Heavy Plow
52:47 Imperial Age
51:40 Gold Mining
52:30 Scale Barding Armor
53:34 Recurve Bow
53:36 Bracer
54:38 Chemistry
54:50 Two-Man Saw
55:28 Parthian Tactics
56:18 Leather Archer Armor
57:07 Hand Cart
59:03 Scale Barding Armor
59:27 Conscription
60:51 Heavy Cavalry Archer
62:10 Corvinian Army
63:09 Chain Barding Armor
63:47 Ring Archer Armor
64:51 Plate Barding Armor
64:11 Elite Magyar Huszar
钓鱼佬
10:00 Loom
13:49 Feudal Age
15:13 Double-Bit Axe
16:10 Forging
15:56 Domestication
17:07 Scale Barding Armor
21:34 Wheelbarrow
27:47 Castle Age
26:30 Fishing Lines
27:50 Light Cavalry
29:11 Iron Casting
31:02 Gillnets
31:49 Husbandry
37:46 Town Watch
38:18 Hand Cart
38:43 Fletching
40:54 Bow Saw
46:26 Chain Barding Armor
48:59 Imperial Age
49:04 Elite Steppe Lancer
49:07 Heavy Camel Rider
58:30 Gold Mining
61:24 Plate Barding Armor
61:48 Ordo Cavalry
65:48 Two-Man Saw
DZT_白霜魔头
6:00 Loom
14:07 Feudal Age
15:06 Double-Bit Axe
18:06 Castle Age
15:58 Gold Mining
17:03 Horse Collar
19:23 Bow Saw
19:57 Fletching
20:00 Town Watch
20:36 Bodkin Arrow
23:01 Town Watch
23:52 Padded Archer Armor
24:50 Ballistics
26:17 Wheelbarrow
29:56 Gold Shaft Mining
29:54 Hand Cart
33:04 Imperial Age
30:48 Stone Mining
32:53 Bloodlines
32:43 Husbandry
33:12 Kasbah
34:04 Leather Archer Armor
34:22 Bracer
35:31 Chemistry
36:30 Conscription
37:54 Leather Archer Armor
38:05 Thumb Ring
38:02 Maghrebi Camels
41:41 Elite Camel Archer
42:58 Coinage
44:26 Ring Archer Armor
45:54 Banking
50:22 Hoardings
63:16 Stone Shaft Mining
65:40 Siege Engineers
65:15 Treadmill Crane
EliteBanana
10:18 Loom
14:48 Feudal Age
19:52 Town Watch
23:21 Castle Age
23:59 Double-Bit Axe
32:00 Wheelbarrow
31:41 Fletching
33:09 Horse Collar
35:36 Scale Barding Armor
38:23 Chain Barding Armor
39:39 Bloodlines
40:15 Bow Saw
40:47 Forging
41:09 Husbandry
42:03 Gold Mining
43:03 Hand Cart
42:49 Herbal Medicine
44:26 Iron Casting
45:47 Bodkin Arrow
55:15 Town Patrol
58:07 Heavy Plow
62:28 Imperial Age
62:30 Heavy Camel Rider
64:06 Plate Barding Armor
Josu Stark
9:41 Loom
12:16 Feudal Age
12:48 Double-Bit Axe
13:08 Town Watch
14:34 Horse Collar
16:44 Bloodlines
17:06 Forging
17:22 Scale Barding Armor
23:45 Wheelbarrow
23:19 Fletching
27:06 Castle Age
27:28 Light Cavalry
28:48 Husbandry
29:56 Hand Cart
32:58 Heavy Plow
33:57 Bow Saw
35:12 Gold Mining
35:17 Stone Mining
40:02 Bodkin Arrow
41:24 Padded Archer Armor
42:06 Bodkin Arrow
42:50 Leather Archer Armor
43:34 Ballistics
43:25 Masonry
44:36 Thumb Ring
45:59 Murder Holes
47:07 Gold Shaft Mining
48:49 Stone Shaft Mining
51:11 Imperial Age
51:14 Elite Genitour
51:56 Bracer
53:00 Chemistry
54:52 Chain Barding Armor
54:06 Hussar
55:33 Iron Casting
55:44 Parthian Tactics
55:28 Siege Engineers
55:46 Conscription
56:15 Hoardings
57:50 Blast Furnace
57:03 Heavy Cavalry Archer
58:41 Guard Tower
60:29 Heavy Camel Rider
儒门大吊-日食
6:32 Loom
19:27 Feudal Age
20:01 Double-Bit Axe
22:51 Castle Age
21:19 Forging
22:12 Scale Barding Armor
30:55 Gold Mining
33:44 Wheelbarrow
33:09 Horse Collar
33:47 Bow Saw
34:08 Fletching
35:01 Gold Shaft Mining
34:53 Elite Skirmisher
36:04 Bodkin Arrow
36:36 Padded Archer Armor
38:54 Ballistics
40:31 Town Watch
40:52 Padded Archer Armor
42:24 Leather Archer Armor
58:42 Heavy Plow
65:36 Imperial Age
63:38 Stone Mining
64:04 Pikeman
64:44 Squires
65:00 Scale Mail Armor
65:36 Iron Casting
64:37 Pikeman
65:17 Squires
66:07 Chain Mail Armor
自有大儒为我辩经
14:02 Feudal Age
15:33 Double-Bit Axe
15:34 Loom
18:12 Castle Age
16:20 Fishing Lines
17:35 Scale Barding Armor
18:08 Bloodlines
21:06 Chain Barding Armor
24:39 Horse Collar
26:07 Forging
26:18 Gold Mining
27:48 Stone Mining
28:17 Light Cavalry
28:57 Husbandry
30:38 Iron Casting
30:41 Stone Shaft Mining
31:27 Bow Saw
35:42 Fletching
38:57 Imperial Age
38:50 Wheelbarrow
38:52 Gold Shaft Mining
38:22 Heavy Plow
39:04 Heavy Camel Rider
39:36 Cavalier
41:19 Conscription
42:08 Plate Barding Armor
44:39 Blast Furnace
45:37 Ballistics
46:50 Bodkin Arrow
46:37 Treadmill Crane
47:22 Treadmill Crane
47:18 Capped Ram
47:48 Man-at-Arms
47:51 Hussar
49:56 Bracer
50:59 Chemistry
51:40 Elite Camel Archer
52:26 Padded Archer Armor
52:41 Thumb Ring
53:53 Crop Rotation
53:41 Leather Archer Armor
53:37 Kasbah
54:14 Masonry
54:45 Maghrebi Camels
55:21 Hoardings
55:28 Ring Archer Armor
56:44 Guilds
57:27 Hand Cart
56:58 Town Watch
59:34 Siege Engineers
60:34 Town Patrol
61:35 Coinage
62:46 Banking
65:05 Caravan
Connection lost

Rejoining the realm…

Still unreachable

The connection could not be restored.

Session expired

The server has moved on; the page needs a fresh start.